AoeStats
← eLROMPECATRE

Arabia

510718525Analyzed
1v1 RM · 19h ago on Oct 2, 2026· 45m 47s· 2 players
Game mode
Random Map
Map size
Tiny (2 player)
Population
200
Speed
Normal
Resources
Standard
Victory
Conquest
Starting age
Dark Age
Ending age
Imperial Age
RankedLock teamsTeams togetherTeam positionsShared explorationLock speedFull tech treeHidden civsTurbo modeCheats
Victory
Defeat
🇩🇪 Vikings · Germany
754
+17
🇦🇺 Celts · Australia
766
-17
C5028HB
8:18 Loom
10:40 Feudal Age
11:36 Double-Bit Axe
22:23 Castle Age
20:18 Fletching
22:36 Padded Archer Armor
22:37 Scale Mail Armor
23:17 Bow Saw
22:49 Horse Collar
23:02 Gold Mining
23:47 Bodkin Arrow
24:02 Crossbowman
30:42 Squires
32:51 Leather Archer Armor
32:52 Chain Mail Armor
37:17 Imperial Age
37:25 Forging
38:12 Arbalester
40:39 Onager
42:20 Ballistics
43:40 Chemistry
43:22 Arrowslits
45:05 Gold Shaft Mining
44:36 Elite Berserk
eLROMPECATRE
1:10 Loom
10:34 Feudal Age
10:59 Double-Bit Axe
10:59 Horse Collar
11:15 Town Watch
12:12 Wheelbarrow
13:05 Gold Mining
15:31 Man-at-Arms
25:48 Castle Age
24:36 Scale Mail Armor
24:47 Forging
25:51 Long Swordsman
26:17 Gambesons
27:34 Chain Mail Armor
31:06 Stone Mining
33:13 Iron Casting
45:33 Gold Shaft Mining
46:46 Stone Shaft Mining
Connection lost

Rejoining the realm…

Still unreachable

The connection could not be restored.

Session expired

The server has moved on; the page needs a fresh start.